BSA
SO CAL HENVY @ ORLANDO CALRISSIAN
07/23/2026
 
TOP OF THE 1ST
So Cal Henvy batting - Pitching for Orlando Calrissian : RHP Armando Pérez
Pitching: RHP Armando Pérez
Batting: SHB Miguel González 0-0: Called Strike
0-1: Foul Ball, location: 2F
0-2: Ground out U3 (Groundball, 3L)
Batting: LHB John Peterson 0-0: Ball
1-0: Foul Ball, location: 2F
1-1: SINGLE (Groundball, 34) (infield hit)
Batting: RHB Earl Wiggins 0-0: DOUBLE (Line Drive, 7LS)
John Peterson to third
Runner from 3rd tries for Home, SAFE, throw made home
Batting: RHB Rubén Calderón 0-0: Ball
1-0: Ground out 4-3 (Groundball, 4)
Earl Wiggins to third
Batting: SHB Ray Burgess 0-0: Called Strike
0-1: Ground out 4-3 (Groundball, 34)
Top of the 1st over - 1 run(s), 2 hit(s), 0 error(s), 1 left on base; So Cal 1 - Orlando 0
BOTTOM OF THE 1ST
Orlando Calrissian batting - Pitching for So Cal Henvy : LHP Ramiro Jiménez
Pitching: LHP Ramiro Jiménez
Batting: RHB Kenny Cole 0-0: Ball
1-0: Called Strike
1-1: Foul Ball, location: 2F
1-2: Strikes out swinging
Batting: RHB Frederico Hernández 0-0: SINGLE (Flyball, 78S)
Batting: RHB Rich Anderson Pickoff Throw to First - Out!
0-0: Swinging Strike
0-1: Ground out 4-3 (Groundball, 4)
Bottom of the 1st over - 0 run(s), 1 hit(s), 0 error(s), 0 left on base; So Cal 1 - Orlando 0
TOP OF THE 2ND
So Cal Henvy batting - Pitching for Orlando Calrissian : RHP Armando Pérez
Batting: RHB Morgan Gibbon 0-0: Called Strike
0-1: Ball
1-1: Ground out 6-3 (Groundball, 6)
Batting: SHB Esteban Silva 0-0: Ball
1-0: Ball
2-0: Ball
3-0: Called Strike
3-1: Called Strike
3-2: Foul Ball, location: 2F
3-2: Foul Ball, location: 2F
3-2: Ground out 4-3 (Groundball, 4S)
Batting: RHB Greg Handrahan 0-0: DOUBLE (Line Drive, 9LM)
Batting: RHB Gregg Nelson 0-0: Foul Ball, location: 2F
0-1: Ball
1-1: Ground out 6-3 (Groundball, 6M)
Top of the 2nd over - 0 run(s), 1 hit(s), 0 error(s), 1 left on base; So Cal 1 - Orlando 0
BOTTOM OF THE 2ND
Orlando Calrissian batting - Pitching for So Cal Henvy : LHP Ramiro Jiménez
Batting: RHB Raúl Canó 0-0: Ball
1-0: Ground out 2-3 (Groundball, 2R)
Batting: RHB Robby Lewis 0-0: Called Strike
0-1: Ball
1-1: Fly out, F7 (Flyball, 78D)
Batting: LHB Juan Colón 0-0: Called Strike
0-1: Foul Ball, location: 2F
0-2: SOLO HOME RUN (Flyball, 78XD), Distance : 420 ft
Batting: SHB Tim Abbott 0-0: Ball
1-0: Ground out 4-3 (Groundball, 4)
Bottom of the 2nd over - 1 run(s), 1 hit(s), 0 error(s), 0 left on base; So Cal 1 - Orlando 1
TOP OF THE 3RD
So Cal Henvy batting - Pitching for Orlando Calrissian : RHP Armando Pérez
Batting: SHB Miguel González 0-0: Called Strike
0-1: Ball
1-1: Ball
2-1: Ground out 4-3 (Groundball, 34)
Batting: LHB John Peterson 0-0: Ball
1-0: Called Strike
1-1: Foul Ball, location: 2F
1-2: Ball
2-2: SINGLE (Groundball, 34D)
Batting: RHB Earl Wiggins 0-0: Ball
John Peterson steals 2nd base
1-0: Foul Ball, location: 2F
1-1: Called Strike
1-2: Ball
2-2: Strikes out swinging
Batting: RHB Rubén Calderón 0-0: Called Strike
0-1: Foul Ball, location: 2F
0-2: Ball
1-2: Strikes out swinging
Top of the 3rd over - 0 run(s), 1 hit(s), 0 error(s), 1 left on base; So Cal 1 - Orlando 1
BOTTOM OF THE 3RD
Orlando Calrissian batting - Pitching for So Cal Henvy : LHP Ramiro Jiménez
Batting: LHB Santiago Márquez 0-0: Ball
1-0: Foul Ball, location: 2F
1-1: Ball
2-1: SINGLE (Line Drive, 9S)
Batting: RHB Enrique Ramírez 0-0: Ball
1-0: Swinging Strike
1-1: Ball
2-1: Foul Ball, location: 2F
2-2: Fly out, F9 (Flyball, 9LM)
Batting: RHB Kenny Cole 0-0: Ball
1-0: Ball
2-0: Ball
3-0: Base on Balls
Santiago Márquez to second
Batting: RHB Frederico Hernández 0-0: Fly out, F8 (Flyball, 8RM)
Batting: RHB Rich Anderson 0-0: Foul Ball, location: 2F
0-1: Called Strike
0-2: Foul Ball, location: 2F
0-2: Ball
1-2: Ball
2-2: Ball
3-2: Foul Ball, location: 2F
3-2: Fly out, F8 (Flyball, 8LXD)
Bottom of the 3rd over - 0 run(s), 1 hit(s), 0 error(s), 2 left on base; So Cal 1 - Orlando 1
TOP OF THE 4TH
So Cal Henvy batting - Pitching for Orlando Calrissian : RHP Armando Pérez
Batting: SHB Ray Burgess 0-0: Ball
1-0: Ball
2-0: Ball
3-0: Foul Ball, location: 2F
3-1: Base on Balls
Batting: RHB Morgan Gibbon 0-0: Fly out, F2 (Popup, 2RF)
Batting: SHB Esteban Silva 0-0: Swinging Strike
0-1: Ground out 4-3 (Groundball, 4M)
Ray Burgess to second
Batting: RHB Greg Handrahan 0-0: Ground out 5-3 (Groundball, 5L)
Top of the 4th over - 0 run(s), 0 hit(s), 0 error(s), 1 left on base; So Cal 1 - Orlando 1
BOTTOM OF THE 4TH
Orlando Calrissian batting - Pitching for So Cal Henvy : LHP Ramiro Jiménez
Batting: RHB Raúl Canó 0-0: Ground out 5-3 (Groundball, 5)
Batting: RHB Robby Lewis 0-0: Foul Ball, location: 2F
0-1: Ground out 5-3 (Groundball, 5S)
Batting: LHB Juan Colón 0-0: Called Strike
0-1: Ground out U3 (Groundball, 3S)
Bottom of the 4th over - 0 run(s), 0 hit(s), 0 error(s), 0 left on base; So Cal 1 - Orlando 1
TOP OF THE 5TH
So Cal Henvy batting - Pitching for Orlando Calrissian : RHP Armando Pérez
Batting: RHB Gregg Nelson 0-0: Ball
1-0: Ball
2-0: Ball
3-0: Called Strike
3-1: Fly out, F9 (Flyball, 89M)
Batting: SHB Miguel González 0-0: Ball
1-0: Ball
2-0: Foul Ball, location: 2F
2-1: Foul Ball, location: 2F
2-2: Strikes out swinging
Batting: LHB John Peterson 0-0: Foul Ball, location: 2F
0-1: Ball
1-1: Ground out 3-1 (Groundball, 34)
Top of the 5th over - 0 run(s), 0 hit(s), 0 error(s), 0 left on base; So Cal 1 - Orlando 1
BOTTOM OF THE 5TH
Orlando Calrissian batting - Pitching for So Cal Henvy : LHP Ramiro Jiménez
Batting: SHB Tim Abbott 0-0: Called Strike
0-1: Foul Ball, location: 2F
0-2: Ball
1-2: Ball
2-2: Ball
3-2: Foul Ball, location: 2F
3-2: Strikes out swinging
Batting: LHB Santiago Márquez 0-0: Fly out, F6 (Popup, 6S)
Batting: RHB Enrique Ramírez 0-0: Ball
1-0: Called Strike
1-1: Foul Ball, location: 2F
1-2: Ball
2-2: Ball
3-2: Ground out 1-3 (Groundball, 15)
Bottom of the 5th over - 0 run(s), 0 hit(s), 0 error(s), 0 left on base; So Cal 1 - Orlando 1
TOP OF THE 6TH
So Cal Henvy batting - Pitching for Orlando Calrissian : RHP Armando Pérez
Batting: RHB Earl Wiggins 0-0: Called Strike
0-1: Foul Ball, location: 2F
0-2: Strikes out swinging
Batting: RHB Rubén Calderón 0-0: Ball
1-0: Called Strike
1-1: Called Strike
1-2: Fly out, F7 (Flyball, 7M)
Batting: SHB Ray Burgess 0-0: Swinging Strike
0-1: Called Strike
0-2: Strikes out looking
Top of the 6th over - 0 run(s), 0 hit(s), 0 error(s), 0 left on base; So Cal 1 - Orlando 1
BOTTOM OF THE 6TH
Orlando Calrissian batting - Pitching for So Cal Henvy : LHP Ramiro Jiménez
Batting: RHB Kenny Cole 0-0: Foul Ball, location: 2F
0-1: Foul Ball, location: 2F
0-2: Foul Ball, location: 2F
0-2: Foul Ball, location: 2F
0-2: Ball
1-2: Foul Ball, location: 2F
1-2: Strikes out swinging
Batting: RHB Frederico Hernández 0-0: SINGLE (Line Drive, 34)
Batting: RHB Rich Anderson 0-0: Foul Ball, location: 2F
0-1: Grounds into double play, 6-4-3 (Groundball, 6)
Bottom of the 6th over - 0 run(s), 1 hit(s), 0 error(s), 0 left on base; So Cal 1 - Orlando 1
TOP OF THE 7TH
So Cal Henvy batting - Pitching for Orlando Calrissian : RHP Armando Pérez
Batting: RHB Morgan Gibbon 0-0: Called Strike
0-1: Ball
1-1: Ball
2-1: Called Strike
2-2: SINGLE (Line Drive, 4MD)
Batting: SHB Esteban Silva 0-0: Called Strike
0-1: Ball
1-1: Fly out, F6 (Popup, 56)
Batting: RHB Greg Handrahan 0-0: Called Strike
0-1: Called Strike
0-2: Foul Ball, location: 2F
0-2: SINGLE (Groundball, 6) (infield hit)
Morgan Gibbon to second
Pinch Hitting: LHB Al Mills 0-0: Ball
1-0: Fly out, F9 (Flyball, 9D)
Runner from 2nd tags up, SAFE at 3rd, no throw
Batting: SHB Miguel González 0-0: Called Strike
0-1: Swinging Strike
0-2: Foul Ball, location: 2F
0-2: Ball
1-2: Ground out 6-3 (Groundball, 6)
Top of the 7th over - 0 run(s), 2 hit(s), 0 error(s), 2 left on base; So Cal 1 - Orlando 1
BOTTOM OF THE 7TH
Orlando Calrissian batting - Pitching for So Cal Henvy : LHP Ramiro Jiménez
Now at 2B: Al Mills
Batting: RHB Raúl Canó 0-0: Called Strike
0-1: Ball
1-1: Fly out, F8 (Flyball, 8LM)
Batting: RHB Robby Lewis 0-0: Called Strike
0-1: Ball
1-1: Swinging Strike
1-2: Strikes out swinging
Batting: LHB Juan Colón 0-0: Ball
1-0: Ball
2-0: Foul Ball, location: 2F
2-1: Swinging Strike
2-2: Ball
3-2: Foul Ball, location: 2F
3-2: Foul Ball, location: 2F
3-2: Foul Ball, location: 2F
3-2: Fly out, F4 (Line Drive, 4)
Bottom of the 7th over - 0 run(s), 0 hit(s), 0 error(s), 0 left on base; So Cal 1 - Orlando 1
TOP OF THE 8TH
So Cal Henvy batting - Pitching for Orlando Calrissian : RHP Armando Pérez
Pitching: LHP Richard Dorris
Batting: LHB John Peterson 0-0: Ball
1-0: Fly out, F7 (Flyball, 7S)
Pitching: RHP Bernardo Hernández
Batting: RHB Earl Wiggins 0-0: Called Strike
0-1: SOLO HOME RUN (Flyball, 78XD), Distance : 394 ft
Batting: RHB Rubén Calderón 0-0: Ball
1-0: Called Strike
1-1: Ground out 5-3 (Groundball, 5S)
Batting: SHB Ray Burgess 0-0: Ball
1-0: Called Strike
1-1: Swinging Strike
1-2: Ball
2-2: Ground out 4-3 (Groundball, 4M)
Top of the 8th over - 1 run(s), 1 hit(s), 0 error(s), 0 left on base; So Cal 2 - Orlando 1
BOTTOM OF THE 8TH
Orlando Calrissian batting - Pitching for So Cal Henvy : LHP Ramiro Jiménez
Batting: SHB Tim Abbott 0-0: Ball
1-0: Ball
2-0: DOUBLE (Line Drive, 89S)
Batting: LHB Santiago Márquez 0-0: Swinging Strike
0-1: Ball
1-1: Bunted foul
1-2: Ball
2-2: Ball
3-2: SINGLE (Groundball, 5D)
Tim Abbott to third
Batting: RHB Enrique Ramírez 0-0: Called Strike
0-1: Ball
1-1: Called Strike
1-2: Ball
2-2: Strikes out swinging
Batting: RHB Kenny Cole 0-0: Foul Ball, location: 2F
0-1: Swinging Strike
0-2: Strikes out looking
Batting: RHB Frederico Hernández 0-0: Foul Ball, location: 2F
0-1: Foul Ball, location: 2F
0-2: Ball
1-2: Ball
2-2: Foul Ball, location: 2F
2-2: Ball
3-2: Fly out, F8 (Flyball, 78D)
Bottom of the 8th over - 0 run(s), 2 hit(s), 0 error(s), 2 left on base; So Cal 2 - Orlando 1
TOP OF THE 9TH
So Cal Henvy batting - Pitching for Orlando Calrissian : RHP Bernardo Hernández
Batting: RHB Morgan Gibbon 0-0: Called Strike
0-1: Ground out 2-3 (Groundball, 25)
Batting: SHB Esteban Silva 0-0: Called Strike
0-1: Fly out, F6 (Popup, 6M)
Batting: RHB Greg Handrahan 0-0: Ball
1-0: DOUBLE (Flyball, 8RXD)
Pitching: LHP José Ramírez
Pinch Hitting: RHB Edouard Padovano 0-0: Ball
1-0: Ball
2-0: Ball
3-0: Base on Balls
Batting: SHB Miguel González 0-0: Ball
1-0: Ball
2-0: Ball
3-0: Called Strike
3-1: Base on Balls
Greg Handrahan to third
Edouard Padovano to second
Pitching: LHP Clarence Skerratt
Batting: LHB John Peterson 0-0: Ball
1-0: Ball
2-0: Ball
3-0: Base on Balls
Greg Handrahan scores
Edouard Padovano to third
Miguel González to second
Batting: RHB Earl Wiggins 0-0: Ball
1-0: Called Strike
1-1: Foul Ball, location: 2F
1-2: DOUBLE (Flyball, 89D)
Edouard Padovano scores
Miguel González scores
John Peterson to third
Runner from 3rd tries for Home, SAFE, no throw or cutoff
Batting: RHB Rubén Calderón 0-0: Ball
1-0: Ball
2-0: Ground out 5-3 (Groundball, 5S)
Top of the 9th over - 4 run(s), 2 hit(s), 0 error(s), 1 left on base; So Cal 6 - Orlando 1
BOTTOM OF THE 9TH
Orlando Calrissian batting - Pitching for So Cal Henvy : LHP Ramiro Jiménez
Pitching: RHP Juan Flores
Now at 2B: Edouard Padovano
Batting: RHB Rich Anderson 0-0: Ball
1-0: Called Strike
1-1: Foul Ball, location: 2F
1-2: Ball
2-2: Ball
3-2: Foul Ball, location: 2F
3-2: Ground out 5-3 (Groundball, 56S)
Batting: RHB Raúl Canó 0-0: Swinging Strike
0-1: SINGLE (Groundball, 23) (infield hit)
Batting: RHB Robby Lewis 0-0: Ball
1-0: TRIPLE (Line Drive, 9LM)
Raúl Canó scores
Batting: LHB Juan Colón 0-0: Foul Ball, location: 2F
0-1: Ball
1-1: Swinging Strike
1-2: Foul Ball, location: 2F
1-2: Foul Ball, location: 2F
1-2: Strikes out swinging
Batting: SHB Tim Abbott 0-0: Ball
1-0: Called Strike
1-1: Foul Ball, location: 2F
1-2: Ball
2-2: Strikes out looking
Bottom of the 9th over - 1 run(s), 2 hit(s), 0 error(s), 1 left on base; So Cal 6 - Orlando 2
Monday, December 5th, 2016 - OOTP Baseball 17.12 Build 75